 Dungeon Crawl Stone Soup version 0.25-a0-774-g40ae2d4f90 (webtiles) character file.

Game seed: 4403532618891679537, levelgen mode: deterministic

225233 Vrisskers the Severer (level 19, -5/151 HPs)
             Began as a Gnoll Fighter on Apr 12, 2020.
             Was a High Priest of Zin.
             Killed from afar by a merfolk aquamancer (23 damage)
             ... with a torrent of water
             ... on level 4 of the Shoals on Apr 14, 2020.
             The game lasted 02:51:04 (44911 turns).

Vrisskers the Severer (Gnoll Fighter)              Turns: 44911, Time: 02:51:05

Health: -5/151     AC: 33    Str: 27    XL:     19   Next: 32%
Magic:  34/35      EV: 16    Int: 10    God:    Zin [*****.]
Gold:   3019       SH: 15    Dex: 20    Spells: 5/43 levels left

rFire    + + +     SeeInvis +   a - +7 morningstar of the Badger {vorpal, rPois rF++}
rCold    . . .     Gourm    .   f - +0 kite shield
rNeg     + . .     Faith    .   p - +10 plate armour of Mayxiun {rN+}
rPois    +         Spirit   .   i - +0 hat {MR+}
rElec    .         Reflect  .   C - +0 cloak of Imperfection {*Contam rF+ Str+3 SInv} (curse)
rCorr    .         Harm     .   l - +0 pair of gloves
MR       +++..                  h - +2 pair of boots
Stlth    +.........             t - amulet of rage
HPRegen  0.35/turn              S - ring of poison resistance
MPRegen  0.24/turn              N - ring of protection from magic

@: studying 2 skills, invisible, very slow
A: distributed training, fangs 1, talons 1, strong 1, strong nose
}: 1/15 runes: gossamer
a: Recite, Vitalisation, Imprison, Sanctuary, Donate Gold, Renounce Religion,
Evoke Berserk Rage


You were on level 4 of the Shoals.
You worshipped Zin.
Zin was extremely pleased with you.
You were not hungry.

You visited 6 branches of the dungeon, and saw 32 of its levels.
You also visited: Ossuary, Gauntlet and Ice Cave.

You collected 4399 gold pieces.
You spent 1284 gold pieces at shops.
You donated 96 gold pieces to Zin.

Inventory:

Hand Weapons
 a - the +7 morningstar of the Badger (weapon) {vorpal, rPois rF++}
   (You found it on level 5 of the Lair of Beasts)

   It inflicts extra damage upon your enemies.
   It greatly protects you from fire.
   It protects you from poison.
 b - a +6 broad axe of holy wrath
Missiles
 m - 13 silver javelins
 K - 41 boomerangs (quivered) {@Q1}
 T - 22 javelins {@Q3}
 V - 7 boomerangs of dispersal
 Y - 5 silver boomerangs
Armour
 f - a +0 kite shield (worn)
 h - a +2 pair of boots (worn)
 i - a +0 hat of magic resistance (worn)
 l - a +0 pair of gloves (worn)
 p - the +10 plate armour of Mayxiun (worn) {rN+}
   (You found it on level 7 of the Dungeon)

   It protects you from negative energy.
 q - a scarf of resistance
 C - the cursed +0 cloak of Imperfection (worn) {*Contam rF+ Str+3 SInv}
   (You found it on level 2 of the Spider Nest)

   It affects your strength (+3).
   It protects you from fire.
   It lets you see invisible.
   It causes magical contamination when unequipped.
   It has a curse placed upon it.
Jewellery
 t - an amulet of rage (around neck)
 x - an uncursed ring of wizardry
 D - a +1 ring of protection
 N - a ring of protection from magic (right hand)
 O - an uncursed ring of resist corrosion
 S - a ring of poison resistance (left hand)
Wands
 c - a wand of scattershot (5)
 r - a wand of paralysis (15)
 B - a wand of iceblast (17)
 F - a wand of digging (9)
 Q - a wand of acid (20)
 U - a wand of disintegration (38)
 X - a wand of enslavement (15)
Scrolls
 j - 2 scrolls of fear
 n - a scroll of summoning
 o - 10 scrolls of fog
 y - 3 scrolls of remove curse
 G - a scroll of identify
 J - 2 scrolls of blinking
 L - 13 scrolls of teleportation
 Z - a scroll of magic mapping
Potions
 d - 2 potions of might
 e - 5 potions of invisibility
 g - 3 potions of berserk rage
 k - 10 potions of curing
 u - 7 potions of flight
 w - 3 potions of cancellation
 z - 4 potions of brilliance
 A - 9 potions of haste
 M - 3 potions of ambrosia
Books
 s - a manual of Axes
 R - a manual of Ice Magic
Miscellaneous
 H - a phantom mirror
 I - 4 tins of tremorstones {@Q1}
Comestibles
 v - a chunk of flesh
 E - 58 rations


   Skills:
 + Level 13.8 Fighting
 + Level 12.5 Short Blades
 + Level 12.5 Long Blades
 + Level 15.0 Axes
 + Level 12.5 Maces & Flails
 + Level 12.5 Polearms
 + Level 12.5 Staves
 + Level 12.5 Slings
 + Level 12.5 Bows
 + Level 12.5 Crossbows
 + Level 12.5 Throwing
 + Level 13.8 Armour
 + Level 12.5 Dodging
 + Level 12.5 Stealth
 + Level 13.8 Shields
 + Level 12.5 Unarmed Combat
 + Level 12.5 Spellcasting
 + Level 10.7 Conjurations
 + Level 10.7 Hexes
 + Level 10.7 Charms
 + Level 10.7 Summonings
 + Level 10.7 Necromancy
 + Level 10.7 Translocations
 + Level 10.7 Transmutations
 + Level 10.7 Fire Magic
 + Level 13.4 Ice Magic
 + Level 10.7 Air Magic
 + Level 10.7 Earth Magic
 + Level 10.7 Poison Magic
 + Level 13.5 Invocations
 + Level 12.5 Evocations


You had 5 spell levels left.
You knew the following spells:

 Your Spells              Type           Power        Failure   Level  Hunger
a - Apportation           Tloc           ####..       1%          1    None
b - Blink                 Tloc           N/A          1%          2    None
c - Lesser Beckoning      Tloc           ####......   3%          3    ##.....
d - Teleport Other        Tloc           ####....     3%          3    ##.....
e - Mephitic Cloud        Conj/Pois/Air  ####....     3%          3    ##.....
f - Ignite Poison         Fire/Tmut/Pois ####....     3%          3    ##.....
g - Summon Butterflies    Summ           ####....     1%          1    None
h - Metabolic Englaciati  Hex/Ice        ####......   16%         5    #####..
i - Swiftness             Chrm/Air       ####....     1%          2    None
j - Aura of Abjuration    Summ           ####......   28%         5    #####..
p - Passage of Golubria   Tloc           N/A          10%         4    ####...
u - Cause Fear            Hex            ####......   10%         4    ####...
w - Passwall              Tmut/Erth      ####....     1%          2    None

Your spell library contained the following spells:

 Spells                   Type           Power        Failure   Level  Hunger
 Foxfire                  Conj/Fire      ####         1%          1    None
 Magic Dart               Conj           ####         1%          1    None
 Shock                    Conj/Air       ####         1%          1    None
 Sting                    Tmut/Pois      ####         1%          1    None
 Corpse Rot               Necr/Air       N/A          1%          2    None
 Ensorcelled Hibernation  Hex/Ice        ####..       1%          2    None
 Poisonous Vapours        Pois/Air       ####..       1%          2    None
 Searing Ray              Conj           ####..       1%          2    None
 Shroud of Golubria       Chrm/Tloc      ####..       1%          2    None
 Sticks to Snakes         Tmut           ####....     1%          2    None
 Sublimation of Blood     Necr           ####......   1%          2    None
 Confusing Touch          Hex            ####....     3%          3    ##.....
 Dazzling Flash           Conj/Hex       ####..       3%          3    ##.....
 Gell's Gravitas          Tloc           ####......   3%          3    ##.....
 Portal Projectile        Hex/Tloc       ####..       3%          3    ##.....
 Recall                   Summ/Tloc      N/A          3%          3    ##.....
 Spectral Weapon          Hex/Chrm       ####....     3%          3    ##.....
 Static Discharge         Conj/Air       ####....     3%          3    ##.....
 Ice Form                 Ice/Tmut       ####....     6%          4    ####...
 Summon Ice Beast         Ice/Summ       ####....     6%          4    ####...
 Airstrike                Air            ####......   10%         4    ####...
 Animate Dead             Necr           N/A          10%         4    ####...
 Dispel Undead            Necr           ####....     10%         4    ####...
 Fulminant Prism          Conj/Hex       ####......   10%         4    ####...
 Iskenderun's Mystic Bla  Conj/Tloc      ####....     10%         4    ####...
 Olgreb's Toxic Radiance  Pois           ####....     10%         4    ####...
 Petrify                  Tmut/Erth      ####....     10%         4    ####...
 Agony                    Necr           ####....     28%         5    #####..
 Alistair's Intoxication  Tmut/Pois      ####....     28%         5    #####..
 Blade Hands              Tmut           ####......   28%         5    #####..
 Borgnjor's Vile Clutch   Necr/Erth      ####......   28%         5    #####..
 Excruciating Wounds      Chrm/Necr      ####......   28%         5    #####..
 Irradiate                Conj/Tmut      ####......   28%         5    #####..
 Lightning Bolt           Conj/Air       ####......   28%         5    #####..
 Summon Demon             Summ           ####......   28%         5    #####..
 Summon Forest            Summ/Tloc      ####......   28%         5    #####..
 Summon Mana Viper        Hex/Summ       ####....     28%         5    #####..
 Yara's Violent Unravell  Hex/Tmut       ####......   28%         5    #####..
 Ozocubu's Refrigeration  Ice            ####......   45%         6    #######
 Simulacrum               Ice/Necr       ####......   65%         6    #######
 Freezing Cloud           Conj/Ice/Air   ####......   73%         6    #######
 Death Channel            Necr           ####......   83%         6    #######
 Deflect Missiles         Chrm/Air       ####......   83%         6    #######
 Eringya's Noxious Bog    Tmut/Pois      ####......   83%         6    #######
 Hydra Form               Tmut           ####......   83%         6    #######
 Shadow Creatures         Summ           N/A          83%         6    #######
 Statue Form              Tmut/Erth      ####.....    83%         6    #######
 Dragon Form              Tmut           ####......   100%        7    #######
 Dragon's Call            Summ           ####......   100%        9    #######


Dungeon Overview and Level Annotations

Branches:
Dungeon (15/15)            Temple (1/1) D:4            Lair (6/6) D:9
 Shoals (4/4) Lair:4       Spider (4/4) Lair:2        Slime (0/5) Lair:5
    Orc (2/2) D:12            Elf (0/3) Orc:2        Vaults (0/5) D:14
 Depths (0/5) D:15        Ossuary (visited)           IceCv (visited)
Gauntlet (visited)

Altars:
Ashenzari
Cheibriados
Dithmenos
Elyvilon
Fedhas
Gozag
Hepliaklqana
Kikubaaqudgha
Makhleb
Nemelex Xobeh
Okawaru
Qazlal
Ru
Sif Muna
Trog
Uskayaw
Vehumet
Wu Jian
Xom
Yredelemnul
Zin
The Shining One
Beogh
Jiyva

Shops:
D:5 (   D:7 *   D:11 (   D:15 %!   Orc:2 ?%[:   Shoals:1 *   Shoals:2 !

Portals:
Abyss: Shoals:3
Trove: D:10 (give 2 scrolls of acquirement)

Annotations:
Shoals:3 Abyssal vault, EnegeticOcto's ghost, adept DgVM


Innate Abilities, Weirdness & Mutations

Your experience applies equally to all skills.
You have very sharp teeth.
Your uncanny sense of smell can sniff out nearby items.
You have sharp toenails.
Your muscles are strong. (Str +2)


Message History

You thump the sea snake!
The sea snake is severely wounded.
Splash!
You fall into the shallow water.
Moving in this stuff is going to be slow. "...sacrilegious and knew Zin's wrath would come for them."
You finish reciting Anathema 3:63. "Written in blood; sealed by your death."
* * * LOW HITPOINT WARNING * * *
You feel sick.
You hear a bleat! x2
You block the sea snake's attack.
The merfolk aquamancer is lost in a daze.
You feel better. The sea snake bites you!
* * * LOW HITPOINT WARNING * * *
A merfolk aquamancer comes into view.
It is wielding a +2 rapier of electrocution.
You fade into invisibility!
You block the sea snake's attack.
The merfolk aquamancer gestures at you while chanting.
The torrent of water hits you!!
You die...

≈≈≈≈≈≈≈≈≈≈≈≈≈≈≈≈≈≈≈≈≈≈≈
≈≈≈≈≈≈≈≈≈≈≈≈≈≈≈≈≈≈≈≈≈≈≈≈
≈≈≈≈≈≈≈≈≈≈≈≈≈≈≈≈≈≈≈≈≈≈≈≈
≈≈≈≈≈≈≈≈≈≈≈≈≈≈≈≈≈≈≈≈≈≈≈≈
≈≈≈≈≈≈≈≈≈≈≈≈≈≈≈≈≈≈≈≈≈≈≈≈
≈≈≈≈≈≈≈≈≈≈≈≈≈≈≈≈≈≈≈≈≈≈≈≈
#≈≈≈≈≈≈≈≈≈≈≈≈≈≈P≈≈P≈≈≈≈≈
#≈≈≈≈≈≈≈≈..≈≈≈≈..≈≈PP≈≈≈
##≈≈≈≈≈@.####.##..≈PP≈≈≈
#≈≈≈≈≈)S#######..≈≈P≈≈≈
#≈≈m≈≈≈#†≈# ##..≈≈≈.≈
#≈≈≈≈≈##≈≈≈≈...##..≈≈≈≈
#≈≈≈≈≈≈ ##(#%#.##...≈≈≈≈
≈≈≈≈≈≈≈ ≈≈∆≈≈ ##.≈≈≈≈≈
≈≈≈≈≈≈≈ ≈#≈ ≈##≈.≈≈≈≈≈
m?≈≈≈≈≈ ≈≈≈[ ≈##≈≈≈≈≈.
.... ≈≈ #≈##≈≈≈≈≈≈.


You could see a sea snake and 2 merfolk aquamancers.

Vanquished Creatures
  Arachne (Spider:2)
  Jorgrun (Shoals:2)
  3 krakens (Shoals:2)
  Gastronok (Orc:1)
  Kirke (Spider:3)
  Polyphemus (Shoals:2)
  Roxanne (Spider:2)
  Louise (Spider:4)
  An orc warlord (D:12)
  2 emperor scorpions (Spider:4)
  5 ghost moths
  2 stone giants
  6 entropy weavers
  2 dire elephants
  A minotaur (Gauntlet)
  2 spark wasps (Spider:4)
  A merfolk javelineer (Shoals:3)
  A fire dragon (Lair:1)
  2 merfolk impalers (Shoals:2)
  Josephine (D:11)
  A great orb of eyes (D:15)
  An ice dragon (IceCv)
  The ghost of Oxit the Destroyer, a journeyman DsFE of Vehumet (Lair:4)
  A ghost crab (Gauntlet)
  5 hydras
  4 catoblepae
  A merfolk aquamancer (Shoals:1)
  5 vault guards
  4 centaur warriors
  2 merfolk avatars (Shoals:2)
  An alligator snapping turtle (Shoals:3)
  A queen ant (Lair:3)
  6 two-headed ogres
  2 satyrs (Shoals:3)
  The ghost of Megalobster the Severer, a novice MiBe of Trog (D:10)
  11 death yaks
  Urug (Lair:1)
  5 orc high priests (Orc:2)
  Sonja (Orc:1)
  Nergalle (Lair:1)
  5 skeletal warriors
  3 unseen horrors
  11 wizards
  5 sea snakes
  12 harpies
  A lindwurm (Lair:6)
  A flayed ghost (D:15)
  14 orb spiders
  A necromancer (D:15)
  Pikel (D:5)
  11 orc knights
  2 oklob plants (Lair:1)
  7 ugly things
  7 elephants
  5 deep elf magi
  A stone giant zombie (D:15)
  28 wolf spiders
  2 moths of wrath (Spider:4)
  18 fauns
  2 orc sorcerers
  8 manticores
  2 ice statues (IceCv)
  Maurice (D:11)
  11 merfolk sirens
  5 cyclopes
  2 black mambas
  A spectral centaur (D:10)
  3 water nymphs
  8 gargoyles
  Joseph (Lair:1)
  15 spiny frogs
  A freezing wraith (D:15)
  A yaktaur (D:14)
  6 rime drakes
  An efreet (D:15)
  5 komodo dragons
  Maggie (D:8)
  6 demonic crawlers
  A tengu conjurer (D:15)
  3 meliai (D:13)
  26 merfolk
  5 wind drakes
  Prince Ribbit (D:5)
  33 jumping spiders
  A polar bear (Lair:5)
  8 hornets
  5 blink frogs (Lair:6)
  A meliai zombie (D:14)
  2 trolls
  A deep troll zombie (D:15)
  A wolf spider simulacrum (D:15)
  A raiju (Gauntlet)
  6 snapping turtles
  32 dream sheep
  12 slime creatures
  16 hippogriffs
  48 redbacks
  50 yaks
  An ice dragon skeleton (D:15)
  8 water elementals
  A shadow (D:15)
  39 tarantellas
  7 wraiths
  4 wyverns
  4 hogs (Spider:4)
  A hungry ghost (D:11)
  Eustachio (D:5)
  6 basilisks
  A warg (Orc:2)
  4 steam dragons
  2 vampire mosquitoes (D:13)
  15 water moccasins
  21 soldier ants
  13 porcupines
  5 black bears
  23 ice beasts
  A swamp drake (D:12)
  3 phantoms
  5 sky beasts
  47 orc warriors
  A slave (D:5)
  An eye of draining (D:11)
  A necrophage (D:11)
  9 ogres
  19 centaurs
  8 wolves
  17 crocodiles
  A big kobold (D:7)
  23 bullfrogs
  A water moccasin zombie (D:7)
  3 scorpions
  A wyvern skeleton (D:10)
  4 wights (D:11)
  5 killer bees (D:12)
  2 electric eels
  4 howler monkeys
  A tengu skeleton (D:15)
  10 crimson imps
  7 centaur zombies
  5 bullfrog zombies
  2 quasits
  A human zombie (Ossuary)
  5 centaur skeletons
  7 hounds
  6 jellies
  30 orc priests
  A gnoll shaman (D:8)
  3 bullfrog skeletons
  Jessica (D:3)
  3 iguanas
  24 orc wizards
  34 worker ants
  A bullfrog simulacrum (D:10)
  A hound skeleton (D:5)
  3 mummies (Ossuary)
  A worker ant zombie (D:9)
  19 gnolls
  3 howler monkey skeletons
  17 adders
  4 shadow imps
  A white imp (Gauntlet)
  3 oozes
  4 adder zombies
  5 worms
  4 dart slugs
  8 leopard geckos
  95 orcs
  4 ball pythons
  4 giant cockroaches
  11 goblins
  12 hobgoblins
  7 jackals
  2 quokkas
  A ball python skeleton (D:4)
  5 bats
  3 frilled lizards
  A giant cockroach zombie (D:5)
  4 goblin zombies (Ossuary)
  2 hobgoblin zombies (Ossuary)
  6 kobolds
  3 kobold zombies (Ossuary)
  A leopard gecko zombie (D:6)
  2 quokka skeletons
  2 quokka zombies (Ossuary)
  4 rats (D:2)
  3 rat zombies (Ossuary)
  2 fungi (Lair:3)
  A plant (Shoals:1)
  9 tentacles (Shoals:2)
1269 creatures vanquished.

Vanquished Creatures (collateral kills)
  An ice dragon (IceCv)
1 creature vanquished.

Vanquished Creatures (others)
  A harpy (Shoals:2)
  An orb spider (Spider:4)
  A merfolk siren (Shoals:2)
  An ice beast (D:15)
  An orc priest (D:15)
  A white imp (Gauntlet)
  A bush (Lair:3)
  8 fungi
  8 plants
  14 tentacles (Shoals:2)
37 creatures vanquished.

Grand Total: 1307 creatures vanquished

Notes
Turn   | Place    | Note
-------+----------+-------------------------------------------
     0 | D:1      | Vrisskers the Gnoll Fighter began the quest for the Orb.
     0 | D:1      | Reached XP level 1. HP: 23/23 MP: 1/1
   411 | D:2      | Reached XP level 2. HP: 28/29 MP: 2/2
   438 | D:2      | Reached XP level 3. HP: 35/35 MP: 3/3
   615 | D:2      | Reached skill level 1 in Invocations
   620 | D:2      | Reached skill level 1 in Short Blades
   620 | D:2      | Reached skill level 1 in Long Blades
   620 | D:2      | Reached skill level 1 in Maces & Flails
   620 | D:2      | Reached skill level 1 in Polearms
   620 | D:2      | Reached skill level 1 in Staves
   620 | D:2      | Reached skill level 1 in Slings
   620 | D:2      | Reached skill level 1 in Bows
   620 | D:2      | Reached skill level 1 in Crossbows
   620 | D:2      | Reached skill level 1 in Throwing
   620 | D:2      | Reached skill level 1 in Dodging
   620 | D:2      | Reached skill level 1 in Stealth
   620 | D:2      | Reached skill level 1 in Unarmed Combat
   620 | D:2      | Reached skill level 1 in Spellcasting
   620 | D:2      | Reached skill level 1 in Evocations
   620 | D:2      | Reached XP level 4. HP: 40/41 MP: 5/5
   815 | D:1      | Reached skill level 1 in Conjurations
   815 | D:1      | Reached skill level 1 in Hexes
   815 | D:1      | Reached skill level 1 in Charms
   815 | D:1      | Reached skill level 1 in Summonings
   815 | D:1      | Reached skill level 1 in Necromancy
   815 | D:1      | Reached skill level 1 in Translocations
   815 | D:1      | Reached skill level 1 in Transmutations
   815 | D:1      | Reached skill level 1 in Fire Magic
   815 | D:1      | Reached skill level 1 in Ice Magic
   815 | D:1      | Reached skill level 1 in Air Magic
   815 | D:1      | Reached skill level 1 in Earth Magic
   815 | D:1      | Reached skill level 1 in Poison Magic
  1397 | D:2      | Reached XP level 5. HP: 44/47 MP: 6/6
  1681 | D:3      | Found a white marble altar of Elyvilon.
  1696 | D:3      | Became a worshipper of Elyvilon the Healer
  1831 | D:3      | Reached XP level 6. HP: 35/53 MP: 8/8
  2076 | D:3      | Noticed Jessica
  2084 | D:3      | Killed Jessica
  2126 | D:3      | Reached * piety under Elyvilon
  2307 | D:4      | Found a staircase to the Ecumenical Temple.
  2312 | Temple   | Entered the Ecumenical Temple
  2431 | Temple   | Fell from the grace of Elyvilon
  2431 | Temple   | Became a worshipper of the Shining One
  2468 | D:4      | Reached skill level 5 in Axes
  2475 | D:4      | Found a hide-covered altar of Uskayaw.
  2670 | D:4      | Found an ancient bone altar of Kikubaaqudgha.
  2764 | D:4      | Reached XP level 7. HP: 52/59 MP: 10/10
  2859 | D:4      | Reached * piety under the Shining One
  3097 | D:5      | Entered Level 5 of the Dungeon
  3174 | D:5      | Noticed Prince Ribbit
  3181 | D:5      | Found an opulent altar of Gozag.
  3191 | D:5      | Killed Prince Ribbit
  3223 | D:5      | Reached XP level 8. HP: 63/67 MP: 12/12
  3322 | D:5      | Found Xemmok's Antique Weapon Shop.
  3342 | D:5      | Found a shimmering blue altar of Sif Muna.
  3415 | D:5      | Noticed Eustachio
  3427 | D:5      | Killed Eustachio
  3468 | D:5      | Found Firozeit's Book Shoppe.
  3515 | D:5      | Found a sand-covered staircase.
  3521 | Ossuary  | Entered an ossuary
  3548 | Ossuary  | Reached ** piety under the Shining One
  3642 | Ossuary  | Reached *** piety under the Shining One
  3975 | D:5      | Noticed Pikel
  3989 | D:5      | Reached skill level 6 in Axes
  3989 | D:5      | Reached XP level 9. HP: 56/72 MP: 14/14
  3997 | D:5      | Killed Pikel
  4026 | D:5      | Found an ornate altar of the Wu Jian Council.
  4271 | D:6      | Learned a level 2 spell: Swiftness
  4883 | D:6      | Reached skill level 5 in Invocations
  4977 | D:6      | Reached **** piety under the Shining One
  5152 | D:6      | Found a bloodstained altar of Trog.
  5162 | D:6      | Reached XP level 10. HP: 67/80 MP: 15/17
  5579 | D:7      | Found Xotaipeom's Assorted Antiques.
  5596 | D:7      | Bought 2 fuming orange potions for 46 gold pieces
  5596 | D:7      | Bought a fizzy purple potion for 23 gold pieces
  5596 | D:7      | Bought a fizzy emerald potion for 23 gold pieces
  5674 | D:7      | Reached skill level 5 in Short Blades
  5674 | D:7      | Reached skill level 5 in Long Blades
  5674 | D:7      | Reached skill level 5 in Maces & Flails
  5674 | D:7      | Reached skill level 5 in Polearms
  5674 | D:7      | Reached skill level 5 in Staves
  5674 | D:7      | Reached skill level 5 in Slings
  5674 | D:7      | Reached skill level 5 in Bows
  5674 | D:7      | Reached skill level 5 in Crossbows
  5674 | D:7      | Reached skill level 5 in Throwing
  5674 | D:7      | Reached skill level 5 in Dodging
  5674 | D:7      | Reached skill level 5 in Stealth
  5674 | D:7      | Reached skill level 5 in Unarmed Combat
  5674 | D:7      | Reached skill level 5 in Spellcasting
  5674 | D:7      | Reached skill level 5 in Evocations
  5897 | D:7      | Got a garnet-studded plate armour
  5898 | D:7      | Identified the +10 plate armour of Mayxiun {rN+} (You found
                  | it on level 7 of the Dungeon)
  5916 | D:7      | Noticed a deep elf mage
  5925 | D:7      | Killed a deep elf mage
  5925 | D:7      | Reached skill level 7 in Axes
  6276 | D:7      | Found a glowing silver altar of Zin.
  6305 | D:8      | Found a snail-covered altar of Cheibriados.
  6524 | D:8      | Noticed Maggie
  6536 | D:8      | Killed Maggie
  7091 | D:9      | Found a staircase to the Lair.
  7091 | D:9      | Noticed an elephant
  7121 | D:9      | Reached XP level 11. HP: 87/87 MP: 19/19
  7131 | D:9      | Reached ***** piety under the Shining One
  7553 | D:9      | Reached skill level 5 in Conjurations
  7553 | D:9      | Reached skill level 5 in Hexes
  7553 | D:9      | Reached skill level 5 in Charms
  7553 | D:9      | Reached skill level 5 in Summonings
  7553 | D:9      | Reached skill level 5 in Necromancy
  7553 | D:9      | Reached skill level 5 in Translocations
  7553 | D:9      | Reached skill level 5 in Transmutations
  7553 | D:9      | Reached skill level 5 in Fire Magic
  7553 | D:9      | Reached skill level 5 in Ice Magic
  7553 | D:9      | Reached skill level 5 in Air Magic
  7553 | D:9      | Reached skill level 5 in Earth Magic
  7553 | D:9      | Reached skill level 5 in Poison Magic
  7624 | D:9      | Noticed an unseen horror
  7640 | D:9      | Killed an unseen horror
  7756 | D:9      | Identified the cursed +1 chain mail "Jouce" {rPois rN+}
                  | (You found it on level 9 of the Dungeon)
  7816 | D:10     | Entered Level 10 of the Dungeon
  7855 | D:10     | Noticed an unseen horror
  7931 | D:9      | Killed an unseen horror
  7967 | D:10     | Reached skill level 8 in Axes
  8012 | D:10     | Found a portal to a secret trove of treasure.
  8046 | D:10     | Found a runed translucent gate.
  8046 | D:10     | Found a runed translucent gate.
  8046 | D:10     | Found a runed translucent gate.
  8046 | D:10     | Noticed Megalobster's ghost (novice MiBe)
  8128 | D:10     | Noticed a two-headed ogre
  8135 | D:10     | Killed a two-headed ogre
  8549 | D:11     | Reached XP level 12. HP: 85/96 MP: 22/22
  8598 | D:11     | Noticed Josephine
  8627 | D:11     | Killed Josephine
  8726 | D:11     | Found Qoipnekh's Weapon Emporium.
  8730 | D:11     | Noticed Maurice
  8762 | D:11     | Reached ****** piety under the Shining One
  8779 | D:11     | Killed Maurice
  9441 | D:12     | Noticed a four-headed hydra
  9450 | D:12     | Killed a four-headed hydra
  9881 | D:12     | Noticed a two-headed ogre
  9891 | D:12     | Killed a two-headed ogre
  9929 | D:12     | Reached skill level 10 in Fighting
  9929 | D:12     | Reached skill level 10 in Armour
  9929 | D:12     | Reached skill level 10 in Shields
 10056 | D:12     | Found a staircase to the Orcish Mines.
 10114 | D:12     | Reached skill level 9 in Axes
 10331 | D:12     | Upgraded the game from 0.25-a0-737-g26c3a87c45 to
                  | 0.25-a0-743-g84dc20635f
 10402 | D:13     | Found a gate leading to a gauntlet.
 10409 | D:13     | Identified a scroll of acquirement
 10417 | Gauntlet | Entered a Gauntlet
 10417 | Gauntlet | Found a transporter.
 10417 | Gauntlet | Found a transporter.
 10419 | Gauntlet | Found a transporter.
 10455 | Gauntlet | Found a transporter.
 10458 | Gauntlet | Found a transporter.
 10460 | Gauntlet | Found a transporter.
 10462 | Gauntlet | Found a transporter.
 10502 | Gauntlet | Found a transporter.
 10502 | Gauntlet | Found a transporter.
 10503 | Gauntlet | Found a transporter.
 10506 | Gauntlet | Found a runed translucent door.
 10512 | Gauntlet | Noticed a ghost crab
 10513 | Gauntlet | Found a runed translucent door.
 10515 | Gauntlet | Found a transporter.
 10531 | Gauntlet | Found a transporter.
 10541 | Gauntlet | Found a transporter.
 10555 | Gauntlet | Found a transporter.
 10747 | Gauntlet | Paralysed by a wizard for 6 turns
 10754 | Gauntlet | Reached XP level 13. HP: 56/103 MP: 24/24
 10767 | Gauntlet | Got an ichor-stained shortbow
 11009 | Gauntlet | Noticed a minotaur
 11023 | Gauntlet | Killed a minotaur
 11053 | Gauntlet | Identified the +4 shortbow of Magnificence {speed, rPois
                  | rN+ Str-2 Dex+3} (You found it in a Gauntlet)
 11301 | D:13     | Paralysed by a wizard for 7 turns
 11801 | D:13     | Found an ornate altar of the Wu Jian Council.
 12004 | D:13     | Got a pitted morningstar
 12215 | Lair:1   | Entered Level 1 of the Lair of Beasts
 12247 | Lair:1   | Noticed Urug
 12262 | Lair:1   | Killed Urug
 12630 | Lair:1   | Noticed Joseph
 12648 | Lair:1   | Killed Joseph
 13004 | Lair:1   | Learned a level 3 spell: Mephitic Cloud
 13008 | Lair:1   | Learned a level 3 spell: Ignite Poison
 13019 | Lair:1   | Noticed Nergalle
 13028 | Lair:1   | Killed Nergalle
 13103 | Lair:1   | Noticed a fire dragon
 13115 | Lair:1   | Killed a fire dragon
 13678 | Lair:2   | Reached XP level 14. HP: 111/111 MP: 26/26
 14518 | Lair:2   | Found a hole to the Spider Nest.
 14895 | Lair:2   | Reached skill level 10 in Axes
 16497 | Lair:4   | Reached skill level 10 in Invocations
 16541 | Lair:4   | Identified the +2 morningstar "Wimiusie" {freeze, rC- MR++}
                  | (You found it on level 13 of the Dungeon)
 16669 | Lair:4   | Found a runed translucent door.
 16888 | Lair:4   | Found a staircase to the Shoals.
 17636 | Lair:4   | Noticed Oxit's ghost (journeyman DsFE)
 17655 | Lair:4   | Killed Oxit's ghost
 19078 | Lair:5   | Got an ivory morningstar
 19086 | Lair:5   | Identified the +7 morningstar of the Badger {vorpal, rPois
                  | rF++} (You found it on level 5 of the Lair of Beasts)
 19325 | Lair:5   | Found a viscous altar of Jiyva.
 19325 | Lair:5   | Found a staircase to the Slime Pits.
 19438 | Lair:5   | Reached XP level 15. HP: 119/119 MP: 28/28
 19834 | Lair:6   | Entered Level 6 of the Lair of Beasts
 20625 | Lair:6   | Learned a level 2 spell: Blink
 20629 | Lair:6   | Learned a level 3 spell: Lesser Beckoning
 20633 | Lair:6   | Learned a level 3 spell: Teleport Other
 20638 | Lair:6   | Learned a level 4 spell: Passage of Golubria
 22136 | Lair:6   | Reached skill level 10 in Ice Magic
 22241 | Lair:6   | Reached skill level 10 in Short Blades
 22241 | Lair:6   | Reached skill level 10 in Long Blades
 22241 | Lair:6   | Reached skill level 10 in Maces & Flails
 22241 | Lair:6   | Reached skill level 10 in Polearms
 22241 | Lair:6   | Reached skill level 10 in Staves
 22241 | Lair:6   | Reached skill level 10 in Slings
 22241 | Lair:6   | Reached skill level 10 in Bows
 22241 | Lair:6   | Reached skill level 10 in Crossbows
 22241 | Lair:6   | Reached skill level 10 in Throwing
 22241 | Lair:6   | Reached skill level 10 in Dodging
 22241 | Lair:6   | Reached skill level 10 in Stealth
 22241 | Lair:6   | Reached skill level 10 in Unarmed Combat
 22241 | Lair:6   | Reached skill level 10 in Spellcasting
 22241 | Lair:6   | Reached skill level 10 in Evocations
 22732 | D:13     | Reached skill level 11 in Axes
 23008 | D:13     | Identified the Guide on the Spatial Entourage
 23015 | D:13     | Learned a level 1 spell: Apportation
 23017 | D:13     | Learned a level 1 spell: Summon Butterflies
 23462 | D:10     | Killed Megalobster's ghost
 23968 | D:13     | Identified a +3 broad axe of holy wrath (a +1 broad axe of
                  | venom blessed by the Shining One)
 23968 | D:13     | Received a gift from the Shining One
 24779 | D:13     | Reached XP level 16. HP: 82/127 MP: 28/30
 25140 | D:14     | Gained mutation: You have sharp toenails. [potion of
                  | mutation]
 25140 | D:14     | Gained mutation: Your muscles are strong. (Str +2) [potion
                  | of mutation]
 25295 | D:14     | Found a gate to the Vaults.
 25410 | D:15     | Entered Level 15 of the Dungeon
 25576 | D:15     | Found Deupif's Distillery.
 25583 | D:15     | Found a frozen archway.
 25611 | IceCv    | Entered an ice cave
 26859 | D:15     | Found a staircase to the Depths.
 26918 | D:14     | Reached skill level 12 in Axes
 27123 | D:15     | Found Vufoavit's Food Boutique.
 27399 | Orc:1    | Entered Level 1 of the Orcish Mines
 27519 | Orc:1    | Found a roughly hewn altar of Beogh.
 28382 | Orc:1    | Noticed Sonja
 28390 | Orc:1    | Killed Sonja
 28395 | Orc:1    | Noticed Gastronok
 28408 | Orc:1    | Killed Gastronok
 28545 | Orc:2    | Entered Level 2 of the Orcish Mines
 28992 | Orc:2    | Found a staircase to the Elven Halls.
 29630 | Orc:2    | Reached XP level 17. HP: 135/135 MP: 32/32
 29749 | Orc:2    | Found Acadu's Book Boutique.
 29749 | Orc:2    | Found Evekituo's Armour Boutique.
 29750 | Orc:2    | Found Yzofotui's Food Shop.
 29750 | Orc:2    | Found Citz's Magic Scroll Boutique.
 29760 | Orc:2    | Bought 3 scrolls of identify for 84 gold pieces
 29760 | Orc:2    | Bought a scroll of identify for 28 gold pieces
 29765 | Orc:2    | Bought a +2 pair of boots for 214 gold pieces
 29792 | Orc:2    | Bought the Catalogue of the Unstable Snowflakes for 602
                  | gold pieces
 29797 | Orc:2    | Learned a level 4 spell: Cause Fear
 29800 | Orc:2    | Learned a level 2 spell: Passwall
 30237 | Spider:1 | Entered Level 1 of the Spider Nest
 31206 | Spider:1 | Identified the Grimoire of Gliding Bewitchment
 31214 | Spider:1 | Learned a level 5 spell: Metabolic Englaciation
 32153 | Spider:2 | Reached skill level 13 in Axes
 32165 | Spider:2 | Got a twisted cloak
 32824 | Spider:2 | Noticed Roxanne
 32866 | Spider:2 | Killed Roxanne
 33723 | Spider:3 | Noticed Arachne
 33856 | Spider:2 | Killed Arachne
 34413 | Spider:3 | Learned a level 5 spell: Aura of Abjuration
 35549 | Spider:4 | Entered Level 4 of the Spider Nest
 35848 | Spider:4 | Noticed Kirke
 35880 | Spider:3 | Killed Kirke
 36259 | Spider:4 | Reached skill level 10 in Conjurations
 36259 | Spider:4 | Reached skill level 10 in Hexes
 36259 | Spider:4 | Reached skill level 10 in Charms
 36259 | Spider:4 | Reached skill level 10 in Summonings
 36259 | Spider:4 | Reached skill level 10 in Necromancy
 36259 | Spider:4 | Reached skill level 10 in Translocations
 36259 | Spider:4 | Reached skill level 10 in Transmutations
 36259 | Spider:4 | Reached skill level 10 in Fire Magic
 36259 | Spider:4 | Reached skill level 10 in Air Magic
 36259 | Spider:4 | Reached skill level 10 in Earth Magic
 36259 | Spider:4 | Reached skill level 10 in Poison Magic
 36278 | Spider:4 | Got a dazzling great sword
 36727 | Spider:4 | Noticed Louise
 36734 | Spider:4 | Killed Louise
 36734 | Spider:4 | Reached XP level 18. HP: 143/143 MP: 30/33
 37008 | Lair:2   | Identified the cursed +0 cloak of Imperfection {*Contam rF+
                  | Str+3 SInv} (You found it on level 2 of the Spider Nest)
 37540 | D:7      | Fell from the grace of the Shining One
 37540 | D:7      | Became a worshipper of Zin the Law-Giver
 37540 | D:7      | Reached * piety under Zin
 37540 | D:7      | Reached ** piety under Zin
 37540 | D:7      | Reached *** piety under Zin
 37540 | D:7      | Reached **** piety under Zin
 37540 | D:7      | Reached ***** piety under Zin
 38935 | Spider:4 | Reached skill level 14 in Axes
 39276 | Spider:4 | Got a gossamer rune of Zot
 39984 | Shoals:1 | Entered Level 1 of the Shoals
 40289 | Shoals:1 | Upgraded the game from 0.25-a0-743-g84dc20635f to
                  | 0.25-a0-774-g40ae2d4f90
 40670 | Shoals:1 | Found Yram's General Store.
 40676 | Shoals:1 | Bought a potion of curing for 36 gold pieces
 40676 | Shoals:1 | Bought a potion of haste for 120 gold pieces
 40676 | Shoals:1 | Bought a scroll of identify for 24 gold pieces
 40676 | Shoals:1 | Bought a scroll of fog for 24 gold pieces
 40676 | Shoals:1 | Bought a ration for 60 gold pieces
 42349 | Shoals:2 | Noticed Jorgrun
 42364 | Shoals:2 | Killed Jorgrun
 42592 | Shoals:2 | Found Evvefel's Distillery.
 42639 | Shoals:2 | Noticed Polyphemus
 42682 | Shoals:2 | Killed Polyphemus
 42682 | Shoals:2 | Reached XP level 19. HP: 49/151 MP: 35/35
 43243 | Shoals:3 | Found a transporter.
 43888 | Shoals:3 | Found a transporter.
 43895 | Shoals:3 | Noticed EnegeticOcto's ghost (adept DgVM)
 43896 | Shoals:3 | Found a one-way gate to the infinite horrors of the Abyss.
 43908 | Shoals:3 | Identified the +8 demon trident of the Harvest {distort,
                  | rPois}
 44451 | Shoals:3 | Reached skill level 15 in Axes
 44606 | Shoals:4 | Entered Level 4 of the Shoals
 44911 | Shoals:4 | Killed from afar by a merfolk aquamancer

Levels and vault maps discovered:
D:1:      lightli_arrival_isolated_outpost, layout_loops_ring, st_stairs_1,
          minmay_misc_feat_tower
D:2:      layout_basic, st_stairs_14
D:3:      layout_rooms, elyvilon_altar_4, uniq_jessica
D:4:      layout_loops_ring, lemuel_doored_altar,
          eat_drink_and_be_merry_uskayaw, minmay_temple_entry_glassed_door,
          first_ration
D:5:      minmay_clustersquares, layout_basic, kennysheep_little_box,
          led_sif_book, serial_shops, shop, nicolae_shop_stone,
          nicolae_ossuary_entry_plus, grunt_gozag_statues, uniq_prince_ribbit1,
          uniq_eustachio, uniq_pikel
D:6:      layout_gridville, trog_ov_bears_minmay
D:7:      minmay_the_grid_four_pointed_star
          [minmay_the_grid_triangle_9x9_windchime,
          minmay_the_grid_triangle_9x9_empty,
          minmay_the_grid_triangle_9x9_alien,
          minmay_the_grid_triangle_9x9_pentomino_pain,
          minmay_the_grid_prize_inner_circle], layout_loops_ring, zin_statuary,
          serial_shops, nicolae_shop_overgrown_old_shop, minmay_quadrilaterals
D:8:      layout_basic, cheibriados_altar_1, uniq_maggie
D:9:      wad_pebble_path, layout_loops_ring, david_lair_generic,
          minmay_microvault
D:10:     layout_small_grid, nicolae_trove_entry_crossroad,
          gammafunk_ghost_necromancy
D:11:     layout_basic, serial_shops, kennysheep_mini_moat, hangedman_fish_farm,
          hive_lemuel, uniq_josephine, uniq_maurice
D:12:     layout_rooms, erik_orc_1
D:13:     minmay_tri_stars, layout_small_grid, gauntlet_entry_generic,
          basic_altar
D:14:     layout_rooms, grunt_vaults_entry_fortified
D:15:     gammafunk_depths_entry_grave, layout_cross,
          portal_ice_cave_entry_ice_beasts, serial_shops, shop,
          nicolae_shop_crystal, dk_noncrumbling_3
Temple:   regret_index_temple_waves
Lair:1:   dragon1_lemuel, layout_chaotic_city, beast_lair_carwin_2,
          minmay_lair_oklob_chamber, lemuel_fruit_tree, lemuel_fruit_fields,
          infiniplex_staircase_pool_2, uniq_joseph, uniq_urug, uniq_nergalle
Lair:2:   layout_chaotic_city, nicolae_spider_entry_tight_spaces
Lair:3:   layout_regular_city, minivault_29
Lair:4:   layout_layer_cave, elwin_shoals_entry_rooms, gammafunk_ghost_grave
Lair:5:   layout_gridlike, dpeg_slime_entry_enclosed_altar, lemuel_fruit_fields,
          grunt_megastairs_4
Lair:6:   hangedman_lair_in_review, layout_cave_shapes, grunt_megastairs_2
Shoals:1: layout_shoals, nicolae_shoals_c_island
Shoals:2: layout_shoals, serial_shops, nicolae_shop_behind_doors,
          hangedman_shoals_cup_caves, uniq_jorgrun, uniq_polyphemus
Shoals:3: layout_shoals, gammafunk_ghost_abyssal_escape
Shoals:4: shoals_end_grunt_ice, layout_shoals
Spider:1: layout_chambers
Spider:2: layout_spider_delve, uniq_roxanne
Spider:3: layout_spider_delve, drop_trap, uniq_arachne
Spider:4: spider_rune_water, uniq_louise, uniq_kirke
Orc:1:    layout_caves, mines1_david, uniq_sonja, uniq_gastronok
Orc:2:    st_orc_pillars, layout_diamond_mine

Skill      XL: |  1  2  3  4  5  6  7  8  9 10 11 12 13 14 15 16 17 18 19 |
---------------+----------------------------------------------------------+-----
Invocations    | 1 2 3 4 5 6 7 8 9 10 11 12 13 | 13.5
Short Blades   | 1 2 3 4 5 6 7 8 9 10 11 12 | 12.5
Long Blades    | 1 2 3 4 5 6 7 8 9 10 11 12 | 12.5
Maces & Flails | 1 2 3 4 5 6 7 8 9 10 11 12 | 12.5
Polearms       | 1 2 3 4 5 6 7 8 9 10 11 12 | 12.5
Staves         | 1 2 3 4 5 6 7 8 9 10 11 12 | 12.5
Slings         | 1 2 3 4 5 6 7 8 9 10 11 12 | 12.5
Bows           | 1 2 3 4 5 6 7 8 9 10 11 12 | 12.5
Crossbows      | 1 2 3 4 5 6 7 8 9 10 11 12 | 12.5
Throwing       | 1 2 3 4 5 6 7 8 9 10 11 12 | 12.5
Dodging        | 1 2 3 4 5 6 7 8 9 10 11 12 | 12.5
Stealth        | 1 2 3 4 5 6 7 8 9 10 11 12 | 12.5
Unarmed Combat | 1 2 3 4 5 6 7 8 9 10 11 12 | 12.5
Spellcasting   | 1 2 3 4 5 6 7 8 9 10 11 12 | 12.5
Evocations     | 1 2 3 4 5 6 7 8 9 10 11 12 | 12.5
Conjurations   | 1 2 3 4 5 6 7 8 9 10 | 10.7
Hexes          | 1 2 3 4 5 6 7 8 9 10 | 10.7
Charms         | 1 2 3 4 5 6 7 8 9 10 | 10.7
Summonings     | 1 2 3 4 5 6 7 8 9 10 | 10.7
Necromancy     | 1 2 3 4 5 6 7 8 9 10 | 10.7
Translocations | 1 2 3 4 5 6 7 8 9 10 | 10.7
Transmutations | 1 2 3 4 5 6 7 8 9 10 | 10.7
Fire Magic     | 1 2 3 4 5 6 7 8 9 10 | 10.7
Ice Magic      | 1 2 3 4 5 6 8 9 10 11 12 13 | 13.4
Air Magic      | 1 2 3 4 5 6 7 8 9 10 | 10.7
Earth Magic    | 1 2 3 4 5 6 7 8 9 10 | 10.7
Poison Magic   | 1 2 3 4 5 6 7 8 9 10 | 10.7
Axes           | 5 6 7 8 9 10 11 12 13 14 15 | 15.0
Fighting       | 7 8 9 10 11 12 13 | 13.8
Armour         | 7 8 9 10 11 12 13 | 13.8
Shields        | 7 8 9 10 11 12 13 | 13.8

Action                   |  1- 3 |  4- 6 |  7- 9 | 10-12 | 13-15 | 16-18 | 19-21 || total
-------------------------+-------+-------+-------+-------+-------+-------+-------++-------
Melee: War axe           |    32 |   212 |   279 |   668 |   737 |       |       ||  1928
       Bite              |     5 |    21 |    37 |   138 |   224 |   245 |    37 ||   707
       Morningstar       |       |       |       |    61 |   442 |   847 |   162 ||  1512
       Broad axe         |       |       |       |       |    33 |   460 |    11 ||   504
       Kick              |       |       |       |       |       |   180 |       ||   180
       Unarmed           |       |       |       |       |       |     5 |       ||     5
Throw: Dart              |       |       |     6 |       |     9 |       |       ||    15
       Stone             |       |       |    14 |     6 |       |       |       ||    20
       Javelin           |       |       |       |       |    29 |    21 |       ||    50
       Boomerang         |       |       |       |       |    64 |   660 |   151 ||   875
 Cast: Passage of Golubr |       |       |       |       |     4 |     7 |     1 ||    12
       Apportation       |       |       |       |       |     2 |    55 |     5 ||    62
       Blink             |       |       |       |       |     1 |     6 |     1 ||     8
       Lesser Beckoning  |       |       |       |       |       |     3 |       ||     3
       Mephitic Cloud    |       |       |       |       |       |       |     1 ||     1
Invok: Summon Divine War |       |       |       |       |     1 |     1 |       ||     2
       Brand Weapon With |       |       |       |       |     1 |       |       ||     1
       Cleansing Flame   |       |       |       |       |       |     3 |       ||     3
       Recite            |       |       |       |       |       |     2 |     1 ||     3
Evoke: Wand              |       |       |       |     1 |     3 |     7 |     2 ||    13
       Tin of tremorston |       |       |       |       |       |       |     1 ||     1
  Use: Scroll            |       |     1 |    10 |    15 |    11 |    11 |       ||    48
       Potion            |       |       |       |       |       |     4 |     2 ||     6
 Stab: Petrified         |       |       |       |       |       |     5 |       ||     5
       Confused          |       |       |       |       |       |     1 |       ||     1
       Petrifying        |       |       |       |       |       |     1 |       ||     1
  Eat: Chunk             |       |     6 |     9 |    20 |    33 |    38 |     3 ||   109
       Ration            |       |       |       |       |     4 |     7 |     1 ||    12
Armor: Scale mail        |     9 |   106 |    36 |       |       |       |       ||   151
       Chain mail        |       |       |    61 |    21 |       |       |       ||    82
       Plate armour      |       |       |       |   356 |   581 |   788 |   113 ||  1838
Dodge: Dodged            |    11 |    91 |    98 |   267 |   488 |   829 |   121 ||  1905
Block: Kite shield       |    14 |   150 |   176 |   426 |   786 |  1178 |   163 ||  2893

Table legend:
 A = Non-vault XP
 B = Vault XP
 C = Vault XP percentage of total XP
 D = Non-vault monster count
 E = Vault monster count
 F = Vault count percentage of total count
                 A         B        C        D         E       F
            +---------+---------+-------+---------+---------+-------
      Total |  209585 |  133499 |  38.9 |     869 |     391 |  31.0
            +---------+---------+-------+---------+---------+-------
        D:1 |      48 |       3 |   5.9 |      16 |       2 |  11.1
        D:2 |     146 |       1 |   0.7 |      29 |       1 |   3.3
        D:3 |     137 |      37 |  21.3 |      19 |       1 |   5.0
        D:4 |     411 |       0 |   0.0 |      20 |       0 |   0.0
        D:5 |     725 |    1492 |  67.3 |      25 |      12 |  32.4
        D:6 |    1287 |     269 |  17.3 |      32 |       2 |   5.9
        D:7 |    1035 |    1520 |  59.5 |      21 |      15 |  41.7
        D:8 |    1209 |     359 |  22.9 |      18 |       1 |   5.3
        D:9 |    3668 |    1757 |  32.4 |      34 |       5 |  12.8
       D:10 |    3966 |    1778 |  31.0 |      28 |       6 |  17.6
       D:11 |    3480 |    2653 |  43.3 |      21 |       7 |  25.0
       D:12 |    8840 |     550 |   5.9 |      39 |      17 |  30.4
       D:13 |   11126 |    8958 |  44.6 |      49 |      14 |  22.2
       D:14 |    6480 |    6206 |  48.9 |      23 |       9 |  28.1
       D:15 |   10084 |    4335 |  30.1 |      25 |      15 |  37.5
     Lair:1 |    5546 |    5907 |  51.6 |      27 |      13 |  32.5
     Lair:2 |    3730 |    2360 |  38.8 |      21 |       9 |  30.0
     Lair:3 |    3097 |    4624 |  59.9 |      14 |      39 |  73.6
     Lair:4 |   11533 |    2173 |  15.9 |      34 |       5 |  12.8
     Lair:5 |    8944 |    4078 |  31.3 |      36 |       8 |  18.2
     Lair:6 |    5297 |   12079 |  69.5 |      21 |      23 |  52.3
   Shoals:1 |   11121 |       0 |   0.0 |      28 |       0 |   0.0
   Shoals:2 |   24115 |   15542 |  39.2 |      39 |      19 |  32.8
   Shoals:3 |   17155 |       0 |   0.0 |      33 |       0 |   0.0
   Shoals:4 |    1634 |     533 |  24.6 |       4 |       2 |  33.3
   Spider:1 |   16280 |       0 |   0.0 |      39 |       0 |   0.0
   Spider:2 |   18862 |    5327 |  22.0 |      47 |       2 |   4.1
   Spider:3 |   12294 |    2217 |  15.3 |      34 |       1 |   2.9
   Spider:4 |    8810 |   25073 |  74.0 |      22 |      49 |  69.0
      Orc:1 |    5607 |    4282 |  43.3 |      44 |       5 |  10.2
      Orc:2 |    2918 |   11253 |  79.4 |      27 |      60 |  69.0
    Ossuary |       0 |     129 | 100.0 |       0 |      21 | 100.0
      IceCv |       0 |    4756 | 100.0 |       0 |      20 | 100.0
   Gauntlet |       0 |    3248 | 100.0 |       0 |       8 | 100.0
            +---------+---------+-------+---------+---------+-------
